 Dungeon Crawl Stone Soup version 0.19-a0-734-ge18daf0 (webtiles) character file.

408 Liquid the Sneak (level 6, -1/25 HPs)
             Began as a Felid Transmuter on June 22, 2016.
             Was an Initiate of Ru.
             Slain by a hound (5 damage)
             ... on level 4 of the Dungeon.
             The game lasted 00:13:47 (4235 turns).

Liquid the Sneak (Felid Transmuter)                 Turns: 4235, Time: 00:13:47

Health: -1/25      AC:  2    Str:  6    XL:     6   Next: 57%
Magic:  5/12       EV: 20    Int: 14    God:    Ru [......]
Gold:   161        SH:  0    Dex: 19    Spells: 4 memorised, 2 levels left
                                        Lives:  0   Deaths: 1

rFire  . . .     SeeInvis +       - Unarmed
rCold  . . .     Gourm    .     (armour unavailable)
rNeg   . . .     Faith    .     (shield unavailable)
rPois  .         Spirit   .     (helmet unavailable)
rElec  .         Dismiss  .     (cloak unavailable)
rCorr  .         Reflect  .     (gloves unavailable)
SustAt +         Harm     .     (boots unavailable)
MR     ++...                    (no amulet)
Stlth  ++++......               (no ring)
                                o - ring of sustain attributes

@: quick, very resistant to hostile enchantments, stealthy
A: no armour, no weapons or thrown items, claws 1, fangs 3, see invisible,
carnivore 3, speed 1, magic resistance 2, shaggy fur 2, slow metabolism 1,
evolution 1, sharp paws
a: Renounce Religion


You were on level 4 of the Dungeon.
You worshipped Ru.
Ru was noncommittal.
You were full.

You visited 2 branches of the dungeon, and saw 5 of its levels.

You collected 161 gold pieces.

Inventory:

Missiles
 a - 18 arrows
Jewellery
 o - a ring of sustain attributes (left paw)
Wands
 d - a wand of iceblast (9/15)
Scrolls
 g - a scroll of remove curse {unknown}
 i - a scroll of teleportation {unknown}
 l - a scroll of amnesia {unknown}
 m - a scroll of fear {unknown}
Potions
 f - a potion of heal wounds {unknown}
 h - a potion of brilliance {unknown}
 j - 2 potions of agility
 k - 2 potions of haste
Books
 b - a book of Changes

   Spells                             Type                      Level
   a - Beastly Appendage              Transmutation                1
   b - Sticks to Snakes               Transmutation                2
   c - Spider Form                    Transmutation/Poison         3
   d - Ice Form                       Ice/Transmutation            4
   e - Blade Hands                    Transmutation                5
Comestibles
 c - a meat ration


   Skills:
 - Level 1.0 Fighting
 + Level 4.6 Dodging
 + Level 5.3 Stealth
 - Level 3.0 Unarmed Combat
 + Level 3.9 Spellcasting
 * Level 4.1 Transmutations
 + Level 1.1 Poison Magic


You had 2 spell levels left.
You knew the following spells:

 Your Spells              Type           Power        Failure   Level  Hunger
a - Beastly Appendage     Tmut           ##....       3%          1    None
b - Sticks to Snakes      Tmut           ##......     6%          2    ##.....
c - Spider Form           Tmut/Pois      ##........   21%         3    ###....
d - Ice Form              Ice/Tmut       #.......     82%         4    ####...


Dungeon Overview and Level Annotations

Branches:
Dungeon (4/15)             Temple (1/1) D:4

Altars:
Ashenzari
Cheibriados
Dithmenos
Elyvilon
Fedhas
Gozag
Hepliaklqana
Kikubaaqudgha
Makhleb
Nemelex Xobeh
Okawaru
Pakellas
Qazlal
Ru
Sif Muna
Trog
Uskayaw
Vehumet
Xom
Yredelemnul
The Shining One

Shops:
D:4 (

Annotations:
D:4 Grinder


Innate Abilities, Weirdness & Mutations

You cannot wear armour.
You are incapable of wielding weapons or throwing items.
You have sharp claws.
You have razor-sharp teeth.
You have supernaturally acute eyesight. (SInv)
You are carnivorous and can eat meat at any time.
You cover ground quickly.
You are covered in thick fur. (AC +2)
You have a slow metabolism.
Your sharp claws are effective at attacking unaware monsters.
You are highly resistant to hostile enchantments. (MR++)
You evolve.


Message History

The hound completely misses you.
Your ball python barely misses the hound.
Your ball python closely misses the hound.
You swap places.
The hound closely misses your ball python.
Your ball python barely misses the hound.
Your ball python grabs the hound.
Your ball python constricts the hound.
Something bites the hound but does no damage.
The hound bites your ball python.
Your ball python dies!
Something closely misses the hound.
Something barely misses the hound.
The hound bites something.
The hound barks!
Casting: Sticks to Snakes
Confirm with . or Enter, or press ? or * to list all spells.
You create a snake!
You now have 19 arrows.
Casting: Sticks to Snakes
Confirm with . or Enter, or press ? or * to list all spells.
You create a snake!
You now have 18 arrows.
The hound bites you.
You die...

......# #.##..#
#...... #.##..#
#.##..# #.##..###
#.##....# #
######S###.#.###.#.#
#..@hS.........#....
#.####..............
#.# #.####..##.....
#.# #.# #..# #.###
#.# #.# #..# #.# #.#
#.####..###.# #.#
#..S......#.### #.#
######..#...... #.#
#......###


You could see a hound and 2 friendly ball pythons.

Vanquished Creatures
  A hungry ghost (D:4)
  2 howler monkeys (D:4)
  A centaur skeleton (D:4)
  An orc wizard (D:4)
  A worker ant (D:4)
  5 adders
  An adder skeleton (D:4)
  6 worms
  2 dart slugs
  6 giant geckos
  12 orcs
  A ball python (D:4)
  2 giant cockroaches
  6 goblins
  7 hobgoblins
  4 jackals (D:2)
  6 kobolds
  3 quokkas
  6 bats
  A giant newt (D:4)
  6 rats
80 creatures vanquished.

Vanquished Creatures (collateral kills)
  A giant frog skeleton (D:4)
  2 orcs (D:3)
3 creatures vanquished.

Grand Total: 83 creatures vanquished

Notes
Turn   | Place    | Note
--------------------------------------------------------------
     0 | D:1      | Liquid the Felid Transmuter began the quest for the Orb.
     0 | D:1      | Reached XP level 1. HP: 9/9 MP: 4/4
    58 | D:1      | Reached skill level 1 in Stealth
   269 | D:1      | Reached XP level 2. HP: 7/12 MP: 6/6
   570 | D:1      | Learned a level 2 spell: Sticks to Snakes
   729 | D:2      | Reached skill level 2 in Stealth
   771 | D:2      | Reached XP level 3. HP: 14/15 MP: 7/7
  1331 | D:2      | Reached skill level 3 in Stealth
  1560 | D:2      | Reached XP level 4. HP: 18/19 MP: 7/9
  1993 | D:3      | Gained mutation: You are resistant to hostile enchantments. (MR+) [potion of mutation]
  1993 | D:3      | Gained mutation: You evolve. [potion of mutation]
  1994 | D:3      | Gained mutation: You tend to lose your temper in combat. [potion of mutation]
  1994 | D:3      | Gained mutation: You are highly resistant to hostile enchantments. (MR++) [potion of mutation]
  1994 | D:3      | Lost mutation: You evolve. [potion of mutation]
  1995 | D:3      | Gained mutation: You evolve. [potion of mutation]
  2132 | D:3      | Slain by a worm
  2133 | D:3      | Reached XP level 3. HP: -1/15 MP: 8/8
  2404 | D:3      | Reached XP level 4. HP: 17/19 MP: 9/9
  2804 | D:4      | Reached skill level 4 in Stealth
  2879 | D:4      | Reached XP level 5. HP: 3/22 MP: 5/11
  2884 | D:4      | Learned a level 3 spell: Spider Form
  3189 | D:4      | Noticed Grinder
  3287 | D:4      | Noticed a hungry ghost
  3339 | D:4      | Killed a hungry ghost
  3339 | D:4      | Reached skill level 5 in Stealth
  3339 | D:4      | Gained mutation: You are covered in thick fur. (AC +2) [Felid growth]
  3339 | D:4      | Reached XP level 6. HP: 6/25 MP: 1/12
  3357 | D:4      | Found Geusomal's Antique Weapon Shoppe.
  3421 | D:4      | Lost mutation: You tend to lose your temper in combat. [evolution]
  3594 | D:4      | Reached skill level 1 in Poison Magic
  3608 | D:4      | Found a staircase to the Ecumenical Temple.
  3613 | Temple   | Entered the Ecumenical Temple
  3683 | Temple   | Became a worshipper of Ru the Awakened
  4070 | D:4      | Learned a level 4 spell: Ice Form
  4235 | D:4      | Slain by a hound

Vault maps used:
D:1:      mrwooster_arrival_arrow
D:4:      first_bread, serial_shops, shop, uniq_grinder
Temple:   nicolae_temple_the_god_donut

Skill      XL: |  1  2  3  4  5  6 |
---------------+-------------------+-----
Stealth        | 1 2 3 4 5 |  5.3
Dodging        | 3 4 |  4.6
Spellcasting   | 3 |  3.9
Transmutations | 3 4 |  4.1
Poison Magic   | 1 |  1.1
Fighting       | |  1.0
Unarmed Combat | |  3.0

Action                   |  1- 3 |  4- 6 || total
-------------------------+-------+-------++-------
Melee: Unarmed           |   120 |   139 ||   259
       Punch             |     2 |     4 ||     6
       Bite              |     4 |    20 ||    24
       Headbutt          |     4 |    11 ||    15
 Cast: Beastly Appendage |    10 |    10 ||    20
       Sticks to Snakes  |     3 |    16 ||    19
  Use: Potion            |     1 |     4 ||     5
       Scroll            |     1 |     3 ||     4
 Stab: Sleeping          |    13 |    11 ||    24
  Eat: Chunk             |    12 |    14 ||    26
Armor: Skin              |     8 |     4 ||    12
Dodge: Dodged            |    90 |   118 ||   208
